General information
- name: BNet
- type: Ladder team game (AT/RT)
- host: Battle.net
- saver: Teelo
map: MarketSquare
- players: 8
- length: 16:23
- speed: Fast
- version: 1.26 W3XP
- replay type: Public
» download(97 KB)
Players
team 1 (winner)

»
IHaveBigHead (
teal | 82 APM | 1340 actions | 16:22)
5 Mountain King
3 Storm Bolt
2 Bash
4 Paladin
2 Holy Light
2 Divine Shield
» actions
| Assign group hotkey | 42 | |
| Basic commands | 1 | |
| Build / train | 71 | |
| Enter build submenu | 26 | |
| Enter hero's abilities submenu | 9 | |
| Give item / drop item | 2 | |
| Remove unit from queue | 1 | |
| Right click | 464 | |
| Select / deselect | 352 | |
| Select group hotkey | 315 | |
| Use ability | 57 | |
1340 total
» units
| Peasant | 17 | |
| Footman | 4 | |
| Gryphon Rider | 8 | |
| Dragonhawk Rider | 3 | |
32 total
» upgrades
| Lumber Harvesting | 2 | |
| Masonry | 3 | |
| Storm Hammers | 1 | |
| Swords | 3 | |
| Armor | 3 | |
| Cloud | 1 | |
13 total
» buildings
| Altar of Kings | 1 | |
| Farm | 13 | |
| Barracks | 1 | |
| Keep | 1 | |
| Lumber Mill | 1 | |
| Arcane Vault | 1 | |
| Town Hall | 1 | |
| Scout Tower | 4 | |
| Guard Tower | 4 | |
| Castle | 1 | |
| Blacksmith | 1 | |
| Gryphon Aviary | 3 | |
32 total
» build order
00:12 Altar of Kings
00:20 Farm
00:56 Farm
01:13 Barracks
01:37 Farm
03:08 Keep
03:24 Lumber Mill
03:41 Arcane Vault
04:21 Town Hall
04:25 Scout Tower
04:26 Scout Tower
04:56 Guard Tower
04:58 Guard Tower
05:39 Castle
05:58 Farm
06:37 Farm
07:12 Blacksmith
07:26 Gryphon Aviary
07:33 Gryphon Aviary
07:35 Gryphon Aviary
07:39 Farm
08:00 Scout Tower
08:01 Scout Tower
08:45 Guard Tower
08:47 Farm
09:39 Farm
10:18 Farm
10:20 Guard Tower
10:56 Farm
11:41 Farm
12:19 Farm
12:58 Farm
» items
| Potion of Healing | 1 | |
| Scroll of Regeneration | 3 | |
| Potion of Mana | 2 | |
| Potion of Lesser Invulnerability | 1 | |
| Orb of Fire | 1 | |
8 total
blue_mondodog (
orange | 68 APM | 1107 actions | 16:22)
5 Tauren Chieftain
2 Shockwave
3 Endurance Aura
1 Shadow Hunter
1 Healing Wave
» actions
| Assign group hotkey | 16 | |
| Basic commands | 25 | |
| Build / train | 58 | |
| ESC pressed | 2 | |
| Enter build submenu | 22 | |
| Enter hero's abilities submenu | 6 | |
| Right click | 445 | |
| Select / deselect | 264 | |
| Select group hotkey | 213 | |
| Use ability | 56 | |
1107 total
» units
| Peon | 13 | |
| Grunt | 7 | |
| Troll Batrider | 8 | |
| Shaman | 3 | |
| Tauren | 3 | |
34 total
» upgrades
| Shaman Training | 2 | |
| Melee Weapons | 1 | |
| Armor | 2 | |
| Berserker Strength | 1 | |
6 total
» buildings
| Altar of Storms | 2 | |
| Orc Burrow | 8 | |
| Barracks | 1 | |
| Voodoo Lounge | 1 | |
| Stronghold | 1 | |
| War Mill | 1 | |
| Great Hall | 1 | |
| Watch Tower | 4 | |
| Beastiary | 1 | |
| Spirit Lodge | 1 | |
| Fortress | 1 | |
| Tauren Totem | 2 | |
24 total
» build order
00:04 Altar of Storms
00:06 Altar of Storms
00:10 Orc Burrow
01:14 Barracks
01:24 Orc Burrow
02:08 Voodoo Lounge
03:01 Orc Burrow
04:07 Stronghold
05:02 War Mill
05:29 Great Hall
06:22 Watch Tower
06:36 Beastiary
06:44 Spirit Lodge
07:06 Watch Tower
08:16 Fortress
11:15 Tauren Totem
11:16 Tauren Totem
11:25 Orc Burrow
11:26 Orc Burrow
12:20 Watch Tower
12:24 Orc Burrow
13:27 Orc Burrow
13:34 Watch Tower
15:25 Orc Burrow
» items
| Lesser Clarity Potion | 2 | |
| Healing Salve | 1 | |
| Circlet of Nobility | 2 | |
| Scroll of Healing | 3 | |
8 total

»
Teelo (
green | 80 APM | 1305 actions | 16:23)
5 Death Knight
3 Death Coil
2 Unholy Aura
» actions
| Assign group hotkey | 113 | |
| Basic commands | 73 | |
| Build / train | 59 | |
| ESC pressed | 4 | |
| Enter build submenu | 20 | |
| Enter hero's abilities submenu | 5 | |
| Remove unit from queue | 1 | |
| Right click | 486 | |
| Select / deselect | 175 | |
| Select group hotkey | 292 | |
| Use ability | 77 | |
1305 total
» units
| Acolyte | 11 | |
| Ghoul | 4 | |
| Crypt Fiend | 13 | |
28 total
» upgrades
| Web | 1 | |
| Burrow | 1 | |
| Creature Attack | 2 | |
| Creature Carapace | 4 | |
8 total
» buildings
| Crypt | 1 | |
| Altar of Darkness | 1 | |
| Ziggurat | 11 | |
| Nerubian Tower | 1 | |
| Tomb of Relics | 1 | |
| Graveyard | 2 | |
| Halls of the Dead | 1 | |
| Spirit Tower | 6 | |
| Necropolis | 1 | |
| Sacrificial Pit | 1 | |
| Black Citadel | 1 | |
27 total
» build order
00:12 Crypt
00:15 Altar of Darkness
00:35 Ziggurat
02:11 Nerubian Tower
02:36 Tomb of Relics
02:55 Graveyard
03:00 Ziggurat
04:00 Halls of the Dead
05:10 Ziggurat
05:36 Spirit Tower
05:38 Ziggurat
08:00 Necropolis
08:54 Ziggurat
08:56 Ziggurat
09:54 Graveyard
09:56 Ziggurat
10:24 Ziggurat
10:26 Ziggurat
10:28 Spirit Tower
10:58 Spirit Tower
11:22 Spirit Tower
11:34 Sacrificial Pit
11:39 Ziggurat
11:41 Ziggurat
12:36 Spirit Tower
13:03 Spirit Tower
13:26 Black Citadel
» items
| Rod of Necromancy | 3 | |
| Dust of Appearance | 1 | |
| Sacrificial Skull | 1 | |
5 total
deathwish13 (
blue | 35 APM | 576 actions | 16:22)
5 Blademaster
2 Wind Walk
2 Critical Strike
1 Mirror Image
2 Shadow Hunter
1 Healing Wave
1 Hex
» actions
| Assign group hotkey | 8 | |
| Build / train | 49 | |
| Enter build submenu | 17 | |
| Enter hero's abilities submenu | 6 | |
| Give item / drop item | 1 | |
| Right click | 347 | |
| Select / deselect | 111 | |
| Select group hotkey | 4 | |
| Use ability | 33 | |
576 total
» units
| Peon | 8 | |
| Grunt | 5 | |
| Raider | 6 | |
| Shaman | 5 | |
| Wind Rider | 2 | |
26 total
» upgrades
| Melee Weapons | 2 | |
| Armor | 2 | |
| Spiked Barricades | 1 | |
| Ensnare | 1 | |
| Shaman Training | 2 | |
| Reinforced Defenses | 1 | |
9 total
» buildings
| Orc Burrow | 6 | |
| Altar of Storms | 1 | |
| Barracks | 1 | |
| War Mill | 1 | |
| Watch Tower | 2 | |
| Stronghold | 1 | |
| Voodoo Lounge | 1 | |
| Beastiary | 1 | |
| Fortress | 1 | |
| Spirit Lodge | 2 | |
| Tauren Totem | 1 | |
18 total
» build order
00:11 Orc Burrow
00:15 Altar of Storms
01:02 Barracks
01:32 Orc Burrow
02:07 War Mill
02:31 Orc Burrow
03:35 Watch Tower
03:46 Stronghold
04:20 Voodoo Lounge
05:39 Watch Tower
06:21 Beastiary
07:11 Fortress
10:35 Spirit Lodge
10:43 Orc Burrow
10:50 Orc Burrow
11:59 Spirit Lodge
12:16 Orc Burrow
14:48 Tauren Totem
» items
| Potion of Healing | 1 | |
| Healing Salve | 1 | |
| Lesser Clarity Potion | 1 | |
3 total
team 2 (loser)

»
cool2024 (
red | 66 APM | 618 actions | 09:18)
2 Shadow Hunter
1 Serpent Ward
1 Healing Wave
» actions
| Assign group hotkey | 10 | |
| Basic commands | 37 | |
| Build / train | 32 | |
| ESC pressed | 4 | |
| Enter build submenu | 24 | |
| Enter hero's abilities submenu | 2 | |
| Right click | 274 | |
| Select / deselect | 155 | |
| Select group hotkey | 50 | |
| Use ability | 30 | |
618 total
» units
| Peon | 8 | |
| Troll Headhunter/Berserker | 8 | |
| Peasant | 8 | |
24 total
» upgrades
» buildings
| Orc Burrow | 7 | |
| Altar of Storms | 1 | |
| War Mill | 1 | |
| Barracks | 2 | |
| Scout Tower | 1 | |
| Voodoo Lounge | 1 | |
| Guard Tower | 1 | |
| Stronghold | 2 | |
| Town Hall | 1 | |
| Farm | 2 | |
| Castle | 1 | |
| Spirit Lodge | 2 | |
22 total
» build order
00:10 Orc Burrow
00:34 Altar of Storms
01:06 Orc Burrow
01:56 War Mill
02:16 Barracks
02:27 Orc Burrow
03:25 Scout Tower
03:30 Orc Burrow
03:36 Barracks
03:46 Voodoo Lounge
04:15 Guard Tower
04:30 Orc Burrow
04:36 Stronghold
04:36 Stronghold
04:51 Town Hall
05:23 Farm
05:31 Orc Burrow
05:59 Castle
06:18 Farm
06:26 Orc Burrow
07:31 Spirit Lodge
07:36 Spirit Lodge

»
IExperiment208 (
yellow | 136 APM | 1208 actions | 08:54)
2 Death Knight
1 Death Coil
1 Unholy Aura
1 Mountain King
1 Bash
» actions
| Assign group hotkey | 15 | |
| Basic commands | 27 | |
| Build / train | 40 | |
| Enter build submenu | 13 | |
| Enter hero's abilities submenu | 3 | |
| Remove unit from queue | 3 | |
| Right click | 513 | |
| Select / deselect | 228 | |
| Select group hotkey | 329 | |
| Use ability | 37 | |
1208 total
» units
| Acolyte | 7 | |
| Ghoul | 5 | |
| Crypt Fiend | 7 | |
19 total
» upgrades
» buildings
| Crypt | 1 | |
| Altar of Darkness | 1 | |
| Ziggurat | 4 | |
| Tomb of Relics | 1 | |
| Graveyard | 1 | |
| Arcane Tower | 3 | |
| Spirit Tower | 4 | |
| Halls of the Dead | 3 | |
18 total
» build order
00:12 Crypt
00:16 Altar of Darkness
00:43 Ziggurat
02:06 Tomb of Relics
02:21 Graveyard
02:47 Ziggurat
02:54 Arcane Tower
02:55 Arcane Tower
03:09 Ziggurat
04:25 Spirit Tower
04:26 Spirit Tower
05:07 Ziggurat
06:22 Halls of the Dead
06:23 Halls of the Dead
» items
Ole-luko (
pink | 57 APM | 145 actions | 02:31)
1 Mountain King
1 Storm Bolt
» actions
| Assign group hotkey | 4 | |
| Build / train | 15 | |
| Enter build submenu | 7 | |
| Enter hero's abilities submenu | 1 | |
| Right click | 67 | |
| Select / deselect | 46 | |
| Use ability | 5 | |
145 total
» units
» buildings
| Altar of Kings | 1 | |
| Farm | 1 | |
| Scout Tower | 2 | |
| Keep | 1 | |
| Lumber Mill | 1 | |
| Arcane Tower | 5 | |
11 total
» build order
00:17 Altar of Kings
00:34 Farm
01:22 Scout Tower
01:46 Keep
01:52 Lumber Mill
01:58 Scout Tower
02:10 Arcane Tower
02:10 Arcane Tower
02:10 Arcane Tower
02:10 Arcane Tower
Chat log
(02:21 / All) Teelo: did we seriously just do the same stupid strat?
(02:31 / All) blue_mondodog: i thought it was cute
(03:37 / Allies) Teelo: tome of xp, win
(11:57 / Allies) Teelo: that was also cute, killing his expo and taking it for myself
(13:19 / Allies) Teelo: omw orange
(14:41 / Allies) Teelo: guess one of them is afk
(14:57 / Allies) blue_mondodog: mhm
(15:57 / All) WatchingTheGame: gg
(16:01 / All) Teelo: gg
(16:06 / All) WatchingTheGame: no
(16:09 / All) WatchingTheGame: you idiot
(16:11 / All) WatchingTheGame: How is it gg/
(16:13 / All) WatchingTheGame: it was 3v4
(16:15 / All) WatchingTheGame: I was not playing
(16:16 / All) Teelo: because you just said so
(16:17 / All) WatchingTheGame: And u say gg?
(16:19 / All) WatchingTheGame: Fuck you retard
(16:19 / All) Teelo: so you ratified it